cohdb
Replays
Latest Replays
All Replays
Popular Replays
Top Player Replays
Match Explorer
How It Works
Community
CoH3 Stats
Reddit
Sign in to upload your games and track your stats! →
Sign in with Steam
Match 44008540
Unlisted
Match 44008540
Overview
Messages
Build Orders
End
Panzergrenadier Squad
Kradschützen Motorcycle Team
Selects Battlefield Espionage Battlegroup
Panzergrenadier Squad
Panzergrenadier Squad
Selects Intel Disruption Beacon
Construct Light Support Kompanie
Fire Support Elements
Flakvierling Half-track
Selects Plunder
2.5-tonne Medical Truck
Pak 38 Mechanized Group
Veteran Squad Leaders
Construct Panzerarmee Kommand
Selects 250/3 Funkpanzerwagen
Panzer III L Medium Tank
Selects Anti-Tank Incendiary Munitions
Panzergrenadier Squad
Walking Stuka Rocket Launcher
2.5-tonne Medical Truck
Panzerpioneer Squad
Panzer III L Medium Tank
Panzer III L Medium Tank
Selects Operation Skorpion
Emergency Repair Kits
Tungsten Core Ammunition
Selects Disruption Operation
Vehicle Survival Package
Panzer III L Medium Tank
Castellan
Cmplord
MrGlaucus
Insurmountable Odds
dX
Commander Z
LegendaireNic
NoCommentary
0
0
Comments
sign in to comment!
No comments posted yet!